 Dungeon Crawl Stone Soup version 0.29-a0-613-gf2c431b9b9 (webtiles) character file.

Game seed: 4572038779214701391

114 HoaS the Cudgeller (level 4, -10/41 HPs)
             Began as a Troll Gladiator on June 16, 2022.
             Killed by the air
             ... invoked by a wind drake (shapeshifter)
              (18 damage)
             ... on level 3 of the Dungeon.
             The game lasted 00:05:04 (2339 turns).

HoaS the Cudgeller (Troll Gladiator)                Turns: 2339, Time: 00:05:05

Health: -10/41     AC:  4    Str: 22    XL:     4   Next: 67%
Magic:  3/3        EV: 11    Int:  4    God:
Gold:   1174       SH:  0    Dex: 19    Spells: 3/3 levels left

rFire   . . .      SeeInvis .   a - +0 flail (chaos)
rCold   . . .      Faith    .   (no shield)
rNeg    . . .      Spirit   .   b - +0 robe
rPois   .          Reflect  .   c - +0 hat
rElec   .          Harm     .   (no cloak)
rCorr   .          Rampage  .   (gloves unavailable)
Will    .....                   (boots unavailable)
Stlth   ++........              (no amulet)
HPRegen 0.93/turn               o - +6 ring of dexterity
MPRegen 0.08/turn               (no ring)

@: no status effects
A: large, unfitting armour, claws 3, regeneration 1, shaggy fur 1, tough skin 1
a: no special abilities


You were on level 3 of the Dungeon.
You visited 1 branch of the dungeon, and saw 3 of its levels.

You collected 1174 gold pieces.

Inventory:

Hand Weapons
 a - a +0 flail of chaos (weapon)
Missiles
 d - 3 throwing nets (quivered)
 e - a large rock
Armour
 b - a +0 robe (worn)
 c - a +0 hat (worn)
Jewellery
 n - a ring of ice
 o - a +6 ring of dexterity (left claw)
Wands
 j - a wand of paralysis (6)
 k - a wand of digging (4)
Scrolls
 p - a scroll of vulnerability {unknown}
Potions
 f - 2 potions of brilliance {unknown}
 g - 3 potions of mutation
 h - a potion of ambrosia {unknown}
 i - 4 potions of curing {unknown}
 l - a potion of flight {unknown}
 m - a potion of resistance {unknown}
 q - a potion of lignification {unknown}


   Skills:
 - Level 1.5 Fighting
 + Level 5.0 Maces & Flails
 - Level 1.7 Throwing
 - Level 2.4 Dodging


You had 3 spell levels left.
You didn't know any spells.
Your spell library was empty.

Dungeon Overview and Level Annotations

Branches:
Dungeon (3/15)

Altars:


Innate Abilities, Weirdness & Mutations

You are too large for most types of armour.
You have claws for hands.
Your natural rate of healing is unusually fast.
You are covered in fur. (AC +1)
You have tough skin. (AC +1)


Message History

a +0 club; a +0 scale mail The wind drake completely misses you.
Things that are here:
a +0 club; a +0 scale mail You completely miss the wind drake.
The wind drake is lightly wounded.
The wind drake bites you.
* * * LOW HITPOINT WARNING * * *
You thump the wind drake! You burn the wind drake.
The wind drake is moderately wounded.
The wind drake exhales a fierce blast of wind!
You are blown backwards!
You hit the wind drake but do no damage.
The wind drake is moderately wounded.
The wind drake barely misses you.
You sock the wind drake! You drain the wind drake.
The wind drake is heavily wounded.
The wind drake bites you but does no damage.
You miss the wind drake.
The wind drake is heavily wounded.
The wind drake bites you.
* * * LOW HITPOINT WARNING * * *
The wind drake exhales a fierce blast of wind!
You barely miss the wind drake.
The wind drake is heavily wounded.
The wind drake misses you.
You hit the wind drake.
The wind drake is poisoned.
The wind drake is heavily wounded.
The wind drake misses you.
You hit the wind drake.
Lightning courses through the wind drake!
The wind drake is almost dead.
The wind drake bites you.
* * * LOW HITPOINT WARNING * * *
The wind drake exhales a fierce blast of wind!
You miss the wind drake.
The wind drake is almost dead.
The wind drake flaps its wings at you. The air twists around and strikes you!!
You die...

....######## #.........##.# ....#
###.#####.##.# ....# #.....#.##.#
....# #.#.#.#.##.# #..##
#...#.#.##.# ..># #.#.#.#.##.#
#### ## #.#.#.#.##.#
######.#..#.#...#.##.#
#...k@....#.#####.##.#
############.#########.......##.#
.....................)......###.#
##################..#######.###.#
|.#.............................#
#.#.############....#######.#####
#.#.# #.............# #.# #.#.#
#.########.#..# #.# #.#.# #.#
#.#..# #.#


You could see a wind drake shaped shifter (repels missiles, very poisoned,
catching breath, drained).

Vanquished Creatures
  Natasha (D:3)
  4 adders
  2 dart slugs (D:2)
  A worm (D:2)
  An orc (D:3)
  5 bats
  An endoplasm (D:1)
  A giant cockroach (D:1)
  2 goblins
  8 hobgoblins
  4 jackals
  4 quokkas
  2 ball pythons
  4 frilled lizards
  3 kobolds
  3 rats
46 creatures vanquished.

Notes
Turn   | Place    | Note
-------+----------+-------------------------------------------
     0 | D:1      | HoaS the Troll Gladiator began the quest for the Orb.
     0 | D:1      | Reached XP level 1. HP: 19/19 MP: 0/0
    71 | D:1      | Reached skill level 3 in Maces & Flails
    86 | D:1      | Reached XP level 2. HP: 27/27 MP: 1/1
   144 | D:1      | Found a faded altar of an unknown god.
   722 | D:2      | Reached skill level 4 in Maces & Flails
   722 | D:2      | Reached XP level 3. HP: 31/33 MP: 2/2
   787 | D:2      | Identified the +6 leather armour of Ennui {rN++ Int+3}
  1341 | D:2      | Identified a scroll of acquirement
  1341 | D:2      | Acquired 973 gold pieces
  1658 | D:3      | Reached XP level 4. HP: 12/41 MP: 3/3
  2075 | D:3      | Noticed Natasha
  2083 | D:3      | Killed Natasha
  2084 | D:3      | Reached skill level 5 in Maces & Flails
  2321 | D:3      | Noticed a shapeshifter
  2321 | D:3      | an orc changed into a shapeshifter
  2321 | D:3      | Noticed a human
  2321 | D:3      | a shapeshifter changed into a human
  2323 | D:3      | Noticed a shapeshifter
  2323 | D:3      | a human changed into a shapeshifter
  2323 | D:3      | Noticed a wind drake
  2323 | D:3      | a shapeshifter changed into a wind drake
  2339 | D:3      | Killed from afar by a wind drake (shapeshifter)

Illustrated notes

Levels and vault maps discovered:
D:1:      dpeg_arrival_arbitrary_b, layout_basic,
          hellmonk_ecumenical_altar_blasted, minmay_pentomino_t2
D:2:      layout_basic
D:3:      minmay_wonky_spiral, layout_basic, uniq_natasha

Skill      XL: |  1  2  3  4 |
---------------+-------------+-----
Maces & Flails | 3 4 5 |  5.0
Fighting       | |  1.5
Throwing       | |  1.7
Dodging        | |  2.4

Action                   |  1- 3 |  4- 6 || total
-------------------------+-------+-------++-------
Melee: Flail             |   117 |    27 ||   144
       Punch             |     1 |       ||     1
  Use: Scroll            |     7 |     2 ||     9
 Stab: Sleeping          |     2 |       ||     2
Armor: Robe              |    63 |     5 ||    68
Dodge: Dodged            |    61 |    14 ||    75

Table legend: (Time is in decaauts)
 A = Elapsed time spent in this place.
 B = Non-inter-level travel time spent in this place.
 C = Inter-level travel time spent in this place.
 D = Time resting spent in this place.
 E = Time spent auto-exploring this place.
 F = Levels seen in this place.
 G = Mean time per level.
                   A        B        C        D        E       F      G
               +--------+--------+--------+--------+--------+-----+--------+
         Total |   2367 |   2314 |     53 |     55 |   1862 |   3 |  789.0 |
       Dungeon |   2367 |   2314 |     53 |     55 |   1862 |   3 |  789.0 |
               +--------+--------+--------+--------+--------+-----+--------+

Top non-repeatable levels by time:
     D:3: 980 daAuts
     D:2: 746 daAuts
     D:1: 641 daAuts
